 Dungeon Crawl Stone Soup version 0.25-a0-477-g6e9f9c6 (webtiles) character file.

Game seed: 8562841338755103695, levelgen mode: deterministic

146 b5mith the Skirmisher (level 5, 0/48 HPs)
             Began as a Minotaur Berserker on Feb 8, 2020.
             Was a Believer of Trog.
             Slain by an adder (5 damage)
             ... on level 3 of the Dungeon.
             The game lasted 00:13:13 (2226 turns).

b5mith the Skirmisher (Minotaur Berserker)          Turns: 2226, Time: 00:13:13

Health: 0/48       AC:  0    Str: 22    XL:     5   Next: 7%
Magic:  4/4        EV: 12    Int:  4    God:    Trog [**....]
Gold:   102        SH:  0    Dex: 10    Spells: 4/4 levels left

rFire    . . .     SeeInvis .   a - +1 falchion
rCold    . . .     Gourm    .   (no shield)
rNeg     . . .     Faith    .   (no armour)
rPois    .         Spirit   .   (helmet restricted)
rElec    .         Reflect  .   (no cloak)
rCorr    .         Harm     .   (no gloves)
MR       +....                  (no boots)
Stlth    +.........             t - amulet of the acrobat
HPRegen  0.16/turn              k - ring of protection from magic
MPRegen  0.09/turn              (no ring)

@: lethally poisoned (0 -> -4), very slow
A: retaliatory headbutt, horns 2
a: Berserk, Trog's Hand, Renounce Religion


You were on level 3 of the Dungeon.
You worshipped Trog.
Trog was pleased with you.
You were not hungry.

You visited 1 branch of the dungeon, and saw 3 of its levels.

You collected 102 gold pieces.

Inventory:

Hand Weapons
 a - a +1 falchion (weapon)
Armour
 b - a +0 ring mail
   (You found it on level 1 of the Dungeon)
 d - a +0 buckler
   (You found it on level 1 of the Dungeon)
 h - a +0 scale mail
   (You found it on level 1 of the Dungeon)
 v - a +3 chain mail of fire resistance
   (You took it off an orc on level 3 of the Dungeon)
 w - a +0 ring mail
   (You took it off an orc priest on level 3 of the Dungeon)
Jewellery
 k - a ring of protection from magic (left hand)
   (You found it on level 1 of the Dungeon)
 t - an amulet of the acrobat (around neck)
   (You found it on level 3 of the Dungeon)
Scrolls
 e - 3 scrolls of enchant weapon
 f - 2 scrolls of amnesia
 i - a scroll of identify {@r1}
 l - a scroll of teleportation {unknown}
 m - a scroll of remove curse {unknown}
 o - a scroll of enchant armour
 p - a scroll of blinking
 r - a scroll of random uselessness {unknown}
 x - a scroll of fog {unknown}
Potions
 g - 2 potions of curing {unknown}
 j - a potion of ambrosia {unknown}
 n - a potion of heal wounds {unknown}
 q - a potion of flight {unknown}
 s - a potion of lignification {unknown}
Comestibles
 c - 2 rations


   Skills:
 + Level 5.5 Fighting
 - Level 3.6 Long Blades
 + Level 4.8 Armour
 - Level 2.1 Dodging


You had 4 spell levels left.
You didn't know any spells.
Your spell library was empty.

Dungeon Overview and Level Annotations

Branches:
Dungeon (3/15)

Altars:
Ru
The Shining One


Innate Abilities, Weirdness & Mutations

You reflexively headbutt those who attack you in melee.
You have a pair of horns on your head.


Message History

The worm is almost dead.
Your unstable footing causes you to fumble your attack.
The worm bites you.
* * * LOW HITPOINT WARNING * * *
Your unstable footing causes you to fumble your attack.
The worm bites you.
* * * LOW HITPOINT WARNING * * *
You slash the worm!
You kill the worm!
Trog accepts your kill.
A river rat comes into view.
A rat comes into view.
The river rat completely misses you. You furiously retaliate!
You headbutt the river rat!
You kill the river rat!
Trog accepts your kill.
You have reached level 5!
The rat misses you.
You riposte.
You hit the rat but do no damage. Your headbutt misses the rat.
The rat completely misses you.
You riposte.
You hit the rat.
You kill the rat!
Trog accepts your kill.
You see here a rat corpse.
You see here a rat corpse.
You hear the quick rusting of a drain.
An adder and a rat come into view.
The adder hisses angrily.
An adder comes into view.
The adder hisses angrily.
You slash the rat!
You kill the rat!
Trog accepts your kill. The adder bites you.
* * * LOW HITPOINT WARNING * * *
Your unstable footing causes you to fumble your attack.
The adder misses you. The adder closely misses you.
You riposte.
You hit the adder.
The adder is lightly wounded.
You barely miss the adder.
The adder is lightly wounded.
The adder closely misses you. The adder barely misses you.
You furiously retaliate!
You headbutt the adder. The adder bites you.
* * * LOW HITPOINT WARNING * * *
You are poisoned.
The adder poisons you!
Your unstable footing causes you to fumble your attack.
You feel sick. The adder bites you.
* * * LOW HITPOINT WARNING * * *
The adder bites you.
You die...

#! ##+## #. ##...## #.
##.....## #.
####.......## #.
#≈≈.........###.
#≈≈≈........'...
#≈#######≈#.........###.
≈≈≈≈≈≈S@#≈≈≈.......## #.
########S#≈#≈......## #.
#≈##≈≈≈≈≈#≈≈≈≈....## #.
#≈≈≈≈#≈#≈#≈#≈..#+## ..
######†#≈#≈#≈....# #.
#≈≈≈≈≈≈#≈≈≈#...#.# ##
############...#.# #####
. .


You could see 2 adders.

Vanquished Creatures
  An orc priest (D:3)
  2 adders (D:2)
  A river rat (D:3)
  2 oozes
  5 worms
  A dart slug (D:1)
  3 leopard geckos
  3 orcs (D:3)
  3 giant cockroaches
  7 goblins
  7 hobgoblins
  6 jackals (D:2)
  A ball python (D:2)
  7 bats
  3 frilled lizards
  3 kobolds
  5 rats
60 creatures vanquished.

Notes
Turn   | Place    | Note
-------+----------+-------------------------------------------
     0 | D:1      | b5mith the Minotaur Berserker began the quest for the Orb.
     0 | D:1      | Reached XP level 1. HP: 19/19 MP: 0/0
   412 | D:1      | Reached skill level 4 in Fighting
   413 | D:1      | Reached XP level 2. HP: 27/27 MP: 1/1
   797 | D:1      | Reached XP level 3. HP: 34/34 MP: 2/2
  1077 | D:2      | Reached ** piety under Trog
  1336 | D:2      | Reached XP level 4. HP: 41/41 MP: 3/3
  1375 | D:2      | Reached skill level 5 in Fighting
  1440 | D:2      | Found a glowing golden altar of the Shining One.
  1764 | D:3      | Found a sacrificial altar of Ru.
  1943 | D:3      | Found a faded altar of an unknown god.
  2195 | D:3      | Reached XP level 5. HP: 6/48 MP: 4/4
  2226 | D:3      | Slain by an adder

Levels and vault maps discovered:
D:1:      elethiomel_arrival_fortress_basement, layout_basic
D:2:      layout_loops_cross, old_standard_altar, first_ration,
          minmay_pentomino_t2
D:3:      layout_loops_corners, nicolae_ru_sacrificial_ziggurat,
          chequers_ecumenical_altar_simple, lightli_sewer_entry_pipes

Skill      XL: |  1  2  3  4 |
---------------+-------------+-----
Fighting       | 4 5 |  5.5
Armour         | 3 4 |  4.8
Long Blades    | |  3.6
Dodging        | |  2.1

Action                   |  1- 3 |  4- 6 || total
-------------------------+-------+-------++-------
Melee: Falchion          |    80 |    55 ||   135
       Headbutt          |     9 |     6 ||    15
  Use: Scroll            |     2 |     4 ||     6
  Eat: Chunk             |     1 |     1 ||     2
       Ration            |       |     1 ||     1
Armor: Scale mail        |    32 |     6 ||    38
Dodge: Dodged            |    47 |    27 ||    74
       Rpst.: Falchion   |     8 |     8 ||    16

Table legend:
 A = Non-vault XP
 B = Vault XP
 C = Vault XP percentage of total XP
 D = Non-vault monster count
 E = Vault monster count
 F = Vault count percentage of total count
                 A         B        C        D         E       F
            +---------+---------+-------+---------+---------+-------
      Total |     171 |      38 |  18.2 |      51 |       9 |  15.0
            +---------+---------+-------+---------+---------+-------
        D:1 |      39 |       2 |   4.9 |      21 |       1 |   4.5
        D:2 |      65 |      14 |  17.7 |      22 |       2 |   8.3
        D:3 |      67 |      22 |  24.7 |       8 |       6 |  42.9
            +---------+---------+-------+---------+---------+-------
